 Dungeon Crawl Stone Soup version 0.31-a0-1537-g69dc257577 (webtiles) character file.

Game seed: 5143918923528265916

32 BMaster the Grasshopper (level 3, 0/18 HPs)
             Began as a Felid Warper on Jan 1, 2024.
             Succumbed to their own poison gas
             ... on level 2 of the Dungeon.
             The game lasted 00:11:29 (807 turns).

BMaster the Grasshopper (Felid Warper)               Turns: 807, Time: 00:11:30

Health: 0/18       AC:  1    Str:  9    XL:     3   Next: 8%
Magic:  7/7        EV: 33    Int: 16    God:
Gold:   127        SH:  0    Dex: 15    Spells: 6/6 levels left
                                        Lives:  0   Deaths: 1

rFire   + .          .
                       - Unarmed
rCold   . . .        (shield unavailable)
rNeg    . . .        (body armour unavailable)
rPois   .            (helmet unavailable)
rElec   .            (cloak unavailable)
rCorr   .            (gloves unavailable)
SInv    +            (boots unavailable)
Will    .....        j - amulet of the acrobat
Stlth   +            i - ring of protection from fire
HPRegen 0.23/turn    (no ring)
MPRegen 0.10/turn

%: acrobat
@: lethally poisoned (0 -> -12), acrobatic
A: very small, claws 1, fangs 3, see invisible, shaggy fur 1, stealthy paws, no
weapons or thrown items, no armour, multi-lived
a: no special abilities


You were on level 2 of the Dungeon.
You visited 1 branch of the dungeon, and saw 2 of its levels.

You collected 127 gold pieces.

Inventory:

Jewellery
 i - a ring of protection from fire (left paw)
 j - an amulet of the acrobat (around neck)
Scrolls
 a - a scroll of blinking
 d - a scroll of identify {unknown}
 g - a scroll of noise {unknown}
 h - a scroll of revelation {unknown}
Potions
 b - a potion of haste
 c - a potion of berserk rage {unknown}
 e - a potion of heal wounds


   Skills:
 + Level 2.1 Fighting
 + Level 3.6 Dodging
 + Level 0.2 Stealth
 + Level 2.4 Unarmed Combat
 + Level 2.2 Spellcasting
 + Level 4.9 Translocations


You had 6 spell levels left.
You didn't know any spells.
Your spell library contained the following spells:

 Spells                   Type           Power      Damage    Failure   Level
 Blink                    Tloc           34%        N/A       4%          2
 Lesser Beckoning         Tloc           34%        N/A       4%          2
 Teleport Other           Tloc           17%        N/A       8%          3
 Manifold Assault         Tloc           17%        N/A       26%         4
 Call Imp                 Summ           2%         N/A       30%         2
 Sublimation of Blood     Necr           1%         N/A       30%         2
 Vhi's Electric Charge    Tloc/Air       18%        N/A       58%         4
 Summon Hydra             Summ           0%         N/A       100%        7


Dungeon Overview and Level Annotations

Branches:
Dungeon (2/15)

Altars:


Innate Abilities, Weirdness & Mutations

You have sharp claws.
You have razor-sharp teeth.
You have supernaturally acute eyesight. (SInv)
You are covered in fur. (AC +1)
Your paws help you pounce on unaware monsters.
You are incapable of wielding weapons or throwing items.
You cannot wear armour.
You gain extra lives every three experience levels.


Message History

You are too injured to fight recklessly!
You are too injured to fight recklessly!
You are too injured to fight recklessly!
You are too injured to fight recklessly!
The gnoll completely misses you. The gnoll attacks as it pursues you!
The gnoll barely misses you. The gnoll attacks as it pursues you!
The gnoll completely misses you. The gnoll attacks as it pursues you!
The gnoll misses you. The gnoll attacks as it pursues you!
The gnoll closely misses you. The gnoll attacks as it pursues you!
The gnoll completely misses you. The gnoll attacks as it pursues you!
The gnoll closely misses you. The gnoll attacks as it pursues you!
The gnoll misses you. The gnoll closely misses you.
You scratch the gnoll.
The gnoll is almost dead.
The gnoll closely misses you. The gnoll misses you.
You closely miss the gnoll.
The gnoll is almost dead.
The gnoll completely misses you. The gnoll hits you with a +0 spear!
Ouch! That really hurt!
* * * LOW HITPOINT WARNING * * *
The gnoll closely misses you.
The air fills with toxic fumes!
As you read the scroll labelled AWUTZE DUMP, it crumbles to dust.
It was a scroll of poison.
The gnoll hits you from afar with a +0 spear.
* * * LOW HITPOINT WARNING * * *
It was a potion of heal wounds.
You feel much better. The gnoll completely misses you.
Okay, then.
The gnoll completely misses you. The gnoll misses you.
The gnoll completely misses you. The gnoll completely misses you.
The gnoll hits you from afar with a +0 spear!
Ouch! That really hurt!
You are engulfed in poison gas.
You are lethally poisoned!
* * * LOW HITPOINT WARNING * * *
You die...

#.# #g# #..# ##§# #r# ...
#r§# #.#####.# #g##
#...ggr$. # #g# ######... #.
#☼# ## #.... # #.# #g##.##
#..K.. #.
#☼#######§#☼§§####......
...###§§§☼§@.§§○☼§☼§.+......
..#§○☼#####§#§§§####......
#.#..# #§##.## ##.....
#....# #○# ## # #.##.# #§#
#.#.##.# #§# #.#.##.# #§☼
#....[.# ### ###.####


There were no monsters in sight!

Vanquished Creatures
  A dart slug (D:1)
  4 ball pythons
  4 endoplasms (D:1)
  A giant cockroach (D:2)
  4 goblins
  4 hobgoblins (D:1)
  2 bats (D:1)
  A frilled lizard (D:1)
  4 kobolds
25 creatures vanquished.

Notes
Turn   | Place    | Note
-------+----------+-------------------------------------------
     0 | D:1      | BMaster the Felid Warper began the quest for the Orb.
     0 | D:1      | Reached XP level 1. HP: 11/11 MP: 4/4
    49 | D:1      | Slain by a hobgoblin
    49 | D:1      | Lost a life (0 lives remaining)
   104 | D:1      | Reached XP level 2. HP: 15/15 MP: 6/6
   683 | D:2      | Reached XP level 3. HP: 10/18 MP: 7/7
   807 | D:2      | Succumbed to their own poison gas

Illustrated notes

Levels and vault maps discovered:
D:1:      dpeg_arrival_long_road, layout_basic
D:2:      layout_loops_corners, uniq_natasha, uniq_terence

Action                     || total
---------------------------++-------
  Melee: Unarmed           ||    66
         Bite              ||    10
    Use: Potion            ||     2
         Scroll            ||     1
   Stab: Sleeping          ||     2
 Armour: Skin              ||    23
  Dodge: Dodged            ||    66

Table legend: (Time is in decaauts)
 A = Elapsed time spent in this place.
 B = Non-inter-level travel time spent in this place.
 C = Inter-level travel time spent in this place.
 D = Time resting spent in this place.
 E = Time spent auto-exploring this place.
 F = Levels seen in this place.
 G = Mean time per level.
                   A        B        C        D        E       F      G
               +--------+--------+--------+--------+--------+-----+--------+
         Total |    784 |    781 |      3 |    100 |      0 |   2 |  392.0 |
       Dungeon |    784 |    781 |      3 |    100 |      0 |   2 |  392.0 |
               +--------+--------+--------+--------+--------+-----+--------+

Top non-repeatable levels by time:
     D:1: 646 daAuts
     D:2: 138 daAuts
